 Dungeon Crawl Stone Soup version 0.26-a0-546-g3c2127501a (webtiles) character file.

Game seed: 14006059116429481032

13951 ANON1729 the Apostle (level 12, -6/108 HPs)
             Began as a Hill Orc Fighter on Aug 19, 2020.
             Was a High Priest of Beogh.
             Engulfed by an ice statue's freezing vapour (27 damage)
             ... in an ice cave.
             The game lasted 00:31:06 (16805 turns).

ANON1729 the Apostle (Hill Orc Fighter)            Turns: 16805, Time: 00:31:06

Health: -6/108     AC: 21    Str: 24    XL:     12   Next: 11%
Magic:  22/22      EV:  6    Int:  8    God:    Beogh [*****.]
Gold:   632        SH: 10    Dex: 10    Spells: 11/11 levels left

rFire    + . .     SeeInvis .   a - +0 war axe
rCold    . . .     Faith    +   c - +0 kite shield
rNeg     . . .     Spirit   .   K - +4 chain mail {rF+}
rPois    +         Reflect  .   (no helmet)
rElec    .         Harm     .   j - +2 cloak
rCorr    .                      v - +0 pair of gloves
MR       +....                  E - +0 pair of boots
Stlth    ..........             s - amulet of faith
HPRegen  0.28/turn              g - ring of protection from magic
MPRegen  0.18/turn              T - ring of poison resistance

@: studying Throwing
A: walk on water
a: Smiting, Recall Orcish Followers, Give Item to Named Follower, Renounce
Religion


You were in an ice cave.
You worshipped Beogh.
Beogh was extremely pleased with you.
You visited 2 branches of the dungeon, and saw 14 of its levels.
You also visited: Ossuary and Ice Cave.

You collected 632 gold pieces.

Inventory:

Hand Weapons
 a - a +0 war axe (weapon)
 b - a +1 vorpal hand axe
Armour
 c - a +0 kite shield (worn)
 j - a +2 cloak (worn)
 v - a +0 pair of gloves (worn)
 E - a +0 pair of boots (worn)
 K - a +4 chain mail of fire resistance (worn)
Jewellery
 g - a ring of protection from magic (left hand)
 s - an amulet of faith (around neck)
 w - an uncursed ring of fire
 A - an uncursed ring of protection from fire
 F - an uncursed ring of stealth
 G - an uncursed amulet of magic regeneration
 Q - an uncursed ring of wizardry
 T - a ring of poison resistance (right hand)
Wands
 r - a wand of flame (18)
 L - a wand of enslavement (10)
 M - a wand of random effects (21)
 P - a wand of digging (1)
Scrolls
 e - 2 scrolls of enchant weapon
 i - 5 scrolls of remove curse
 l - 2 scrolls of noise
 m - 6 scrolls of identify
 n - 2 scrolls of enchant armour {unknown}
 q - 8 scrolls of teleportation
 u - a scroll of summoning {unknown}
 y - 3 scrolls of random uselessness {unknown}
 B - a scroll of brand weapon {unknown}
 D - 2 scrolls of immolation {unknown}
 H - a scroll of acquirement {unknown}
 I - 2 scrolls of magic mapping
 S - a scroll of torment {unknown}
Potions
 d - 3 potions of might
 f - 2 potions of lignification {unknown}
 h - 8 potions of curing
 k - 4 potions of degeneration {unknown}
 o - 3 potions of ambrosia {unknown}
 p - 2 potions of heal wounds {unknown}
 t - a potion of flight {unknown}
 x - a potion of resistance {unknown}
 z - 2 potions of brilliance {unknown}
 J - a potion of stabbing {unknown}
 O - a potion of cancellation {unknown}
 R - a potion of invisibility {unknown}
Books
 C - a manual of Throwing


   Skills:
 + Level 10.8 Fighting
 + Level 11.4 Axes
 + Level 10.0 Armour
 - Level 6.0 Shields
 * Level 14.2 Invocations


You had 11 spell levels left.
You didn't know any spells.
Your spell library contained the following spells:

 Spells                   Type           Power        Failure   Level
 Animate Skeleton         Necr           #.....       100%        1
 Apportation              Tloc           #.....       100%        1
 Beastly Appendage        Tmut           #.....       100%        1
 Corona                   Hex            #......      100%        1
 Freeze                   Ice            #...         100%        1
 Summon Small Mammal      Summ           #...         100%        1
 Wereblood                Tmut           #.......     100%        2
 Frozen Ramparts          Ice            #.....       100%        3
 Ozocubu's Armour         Ice            #.......     100%        3
 Spider Form              Tmut/Pois      #.........   100%        3
 Hailstorm                Conj/Ice       #.......     100%        4
 Ice Form                 Ice/Tmut       #.......     100%        4
 Summon Ice Beast         Ice/Summ       #.......     100%        4
 Blade Hands              Tmut           #.........   100%        5


Dungeon Overview and Level Annotations

Branches:
Dungeon (12/15)            Temple (0/1) D:6            Lair (2/6) D:8
    Orc (0/2) D:11        Ossuary (visited)           IceCv (1/1)
  Swamp: Lair:2-4    Shoals: Lair:2-4     Snake: Lair:2-4    Spider: Lair:2-4

Altars:
Ashenzari
Elyvilon
Nemelex Xobeh
Okawaru
Sif Muna
Trog
Vehumet
Wu Jian

Annotations:
D:11 2 transporters, rtg's ghost, journeyman FoFi IceCv exclusion: 3 ice statues


Message History

You hit the ice beast. x2; You closely miss the ice beast.
You slash the ice beast!
You are engulfed in freezing vapours.
* * * LOW HITPOINT WARNING * * *
The ice beast hits you but does no damage.
You block the ice beast's attack.
The ice beast hits you but does no damage. x2
You block the ice beast's attack.
You hit the ice statue but do no damage.
The ice statue is severely damaged.
You hit the ice beast.
You kill the ice beast!
Your shield prevents you from hitting the ice beast.
You barely miss the ice beast. You hit the ice beast but do no damage.
You are engulfed in freezing vapours.
* * * LOW HITPOINT WARNING * * *
The ice beast hits you but does no damage.
The ice statue gestures.
The ice beast closely misses you.
You feel better.
You are engulfed in freezing vapours.
You die...

###### #############
.....## ##.....#8Y..°##
......###.....[#@Y.°○○##
.......#.......#YY°°○○.#
.......#.......#.°.○...#
.∩..∩..................8.
.......#.......#.......#.
.......#.......#.......#
......###......#..Y...##
.....## ##...).#8....##
###### #############


You could see 3 ice statues and 5 ice beasts.

Vanquished Creatures
  Erolcha (D:9)
  A hydra (D:11)
  Harold (D:7)
  An unseen horror (D:10)
  2 cyclopes
  2 ugly things
  2 cane toads (Lair:1)
  2 trolls (D:11)
  Prince Ribbit (D:6)
  3 hippogriffs
  4 yaks (Lair:1)
  A wyvern (D:7)
  Menkaure (D:4)
  Edmund (D:6)
  A water moccasin (Lair:1)
  A porcupine (Lair:1)
  4 orc warriors
  A black bear (D:2)
  8 ice beasts
  A phantom (D:5)
  A wolf (D:11)
  6 ogres
  A crocodile (Lair:1)
  2 centaurs (D:8)
  A big kobold (D:8)
  3 bullfrogs
  3 elf zombies (Ossuary)
  A scorpion (D:6)
  18 killer bees
  10 wights
  3 howler monkeys
  2 bullfrog zombies
  5 centaur zombies (Ossuary)
  4 human zombies (Ossuary)
  A jelly (D:8)
  2 bullfrog skeletons
  5 hounds
  4 orc priests
  5 orc wizards
  3 centaur skeletons
  4 worker ants
  2 hound zombies (D:5)
  3 mummies (Ossuary)
  A howler monkey zombie (D:5)
  11 adders
  11 gnolls
  A shadow imp (D:5)
  4 ufetubi
  4 oozes
  2 adder skeletons
  4 adder zombies
  4 worms
  4 dart slugs
  10 leopard geckos
  9 orcs
  4 giant cockroaches
  13 goblins
  6 hobgoblins
  20 jackals
  5 quokkas
  7 bats
  11 frilled lizards
  16 kobolds
  A quokka zombie (D:6)
  11 rats
287 creatures vanquished.

Vanquished Creatures (collateral kills)
  A cane toad (Lair:2)
  A troll (D:11)
  A shadow (D:11)
  A wraith (D:11)
  4 yaks
  Grum (D:11)
  3 wolves (D:11)
  A centaur (D:8)
  2 ogres
  A crocodile (D:11)
  3 big kobolds (D:11)
  A gnoll sergeant (D:11)
  2 bullfrogs (Lair:1)
  A scorpion (D:7)
  A killer bee (D:11)
  A howler monkey (D:8)
  An orc wizard (D:9)
  2 adders
  4 gnolls (D:11)
  3 orcs
  6 bats (D:10)
  8 kobolds
  A plant (Lair:1)
50 creatures vanquished.

Vanquished Creatures (others)
  An orc warrior (D:11)
  3 orc wizards
  16 orcs
  3 fungi (Lair:2)
  A plant (Lair:1)
24 creatures vanquished.

Grand Total: 361 creatures vanquished

Notes
Turn   | Place    | Note
-------+----------+-------------------------------------------
     0 | D:1      | ANON1729 the Hill Orc Fighter began the quest for the Orb.
     0 | D:1      | Reached XP level 1. HP: 19/19 MP: 1/1
    30 | D:1      | You fall into a shaft and drop 1 floor!
    43 | D:2      | Reached XP level 2. HP: 18/27 MP: 2/2
   515 | D:2      | Reached XP level 3. HP: 33/33 MP: 3/3
   557 | D:2      | Noticed a black bear
   953 | D:1      | Reached XP level 4. HP: 40/40 MP: 4/4
  1599 | D:2      | Killed a black bear
  1599 | D:2      | Reached XP level 5. HP: 25/47 MP: 5/5
  2139 | D:3      | Found a faded altar of an unknown god.
  2162 | D:3      | Became a worshipper of Beogh the Brigand
  2393 | D:3      | Reached XP level 6. HP: 43/55 MP: 6/6
  2466 | D:3      | Noticed an ice beast
  2476 | D:3      | Killed an ice beast
  2476 | D:3      | Reached skill level 5 in Fighting
  2476 | D:3      | Reached skill level 1 in Invocations
  2621 | D:3      | Reached skill level 2 in Invocations
  2645 | D:3      | Found a radiant altar of Vehumet.
  2862 | D:4      | Reached * piety under Beogh
  2868 | D:4      | Reached skill level 5 in Axes
  3120 | D:4      | Reached skill level 3 in Invocations
  3120 | D:4      | Reached XP level 7. HP: 40/61 MP: 7/9
  3262 | D:4      | Noticed Menkaure
  3343 | D:4      | Killed Menkaure
  3343 | D:4      | Reached skill level 5 in Armour
  3343 | D:4      | Reached skill level 5 in Shields
  3404 | D:4      | Reached skill level 4 in Invocations
  3502 | D:4      | Found a shattered altar of Ashenzari.
  4021 | D:5      | Entered Level 5 of the Dungeon
  4229 | D:5      | Reached ** piety under Beogh
  4688 | D:5      | Reached XP level 8. HP: 14/70 MP: 11/11
  5135 | D:5      | Reached skill level 5 in Invocations
  5659 | D:6      | Reached skill level 6 in Invocations
  5670 | D:6      | Noticed Prince Ribbit
  5682 | D:6      | Killed Prince Ribbit
  5924 | D:6      | Found a staircase to the Ecumenical Temple.
  5989 | D:6      | Reached *** piety under Beogh
  6035 | D:6      | Noticed Edmund
  6055 | D:6      | Killed Edmund
  6055 | D:6      | Reached skill level 7 in Invocations
  6055 | D:6      | Reached XP level 9. HP: 74/78 MP: 14/14
  6104 | D:6      | Found an iron altar of Okawaru.
  6707 | D:7      | Found a sand-covered staircase.
  6716 | D:7      | Reached skill level 8 in Invocations
  6727 | Ossuary  | Entered an ossuary
  7171 | Ossuary  | Reached **** piety under Beogh
  7350 | D:7      | Noticed Harold
  7376 | D:7      | Killed Harold
  7376 | D:7      | Reached skill level 9 in Invocations
  7376 | D:7      | Reached XP level 10. HP: 42/88 MP: 15/17
  7731 | D:7      | Reached skill level 10 in Invocations
  8026 | D:7      | Found an ornate altar of the Wu Jian Council.
  8026 | D:7      | Found a shimmering blue altar of Sif Muna.
  8313 | D:7      | Got a steaming robe
  8324 | D:7      | Identified the +0 robe of the Raven {MR+ Int+3 Stlth-} (You
                  | found it on level 7 of the Dungeon)
  8552 | D:7      | Found a sparkling altar of Nemelex Xobeh.
  9314 | D:8      | Found a staircase to the Lair.
  9353 | D:8      | Found a white marble altar of Elyvilon.
  9618 | D:9      | Found a shimmering blue altar of Sif Muna.
  9813 | D:9      | Noticed Erolcha
  9819 | D:9      | Noticed a cyclops
  9835 | D:9      | Killed a cyclops
  9835 | D:9      | Reached skill level 11 in Invocations
  9837 | D:9      | Killed Erolcha
 10012 | D:9      | Found a bloodstained altar of Trog.
 10827 | D:10     | Entered Level 10 of the Dungeon
 10883 | D:10     | Killed an unseen horror
 10883 | D:10     | Reached skill level 12 in Invocations
 10883 | D:10     | Reached XP level 11. HP: 34/97 MP: 18/20
 11068 | D:10     | Reached skill level 10 in Axes
 11215 | D:10     | Reached ***** piety under Beogh
 12471 | D:11     | Noticed a cyclops
 12485 | D:11     | Killed a cyclops
 12815 | D:11     | Found a transporter.
 13157 | D:11     | Noticed Grum
 13172 | D:11     | Reached skill level 10 in Fighting
 13181 | D:11     | Killed Grum
 13206 | D:11     | Noticed a white ugly thing
 13215 | D:11     | Killed a white ugly thing
 13215 | D:11     | Reached skill level 13 in Invocations
 13576 | D:11     | Found a transporter.
 13596 | D:11     | Noticed rtg's ghost (journeyman FoFi)
 13653 | D:11     | Noticed a five-headed hydra
 13695 | D:11     | Killed a five-headed hydra
 14100 | D:11     | Found a staircase to the Orcish Mines.
 14649 | Lair:1   | Entered Level 1 of the Lair of Beasts
 16063 | Lair:2   | Found a frozen archway.
 16159 | Lair:2   | Reached XP level 12. HP: 105/108 MP: 22/22
 16174 | IceCv    | Entered an ice cave
 16190 | IceCv    | Reached skill level 14 in Invocations
 16301 | IceCv    | Reached skill level 10 in Armour
 16805 | IceCv    | Engulfed by an ice statue's freezing vapour

Illustrated notes

Levels and vault maps discovered:
D:1:      dpeg_arrival_houses_and_road, layout_loops_ring, minmay_hexomino_c4
D:2:      layout_loops_ring, minmay_lizard_pond
D:3:      layout_rooms, marbit_many_paths, chequers_ecumenical_altar_twisty
D:4:      layout_loops_ring, lemuel_crystal_altar, amethyst_killhole,
          uniq_menkaure
D:5:      layout_basic, serial_curves, eino_curves_01, eino_curves_03,
          minmay_manual_moon
D:6:      layout_loops_ring, okawaru_altar_gauntlet_db, temple_pool_b,
          minmay_misc_feat_tiny, uniq_edmund, uniq_prince_ribbit1
D:7:      layout_loops_ring, nemelex_xobeh_ov_fountains_minmay,
          gammafunk_temple_overflow_statue, enter_ossuary_1,
          minmay_misc_feat_pillars, uniq_harold
D:8:      layout_rooms, elyvilon_altar_1, lair_entry_dummy,
          kennysheep_crisscross
D:9:      layout_loops_corners, lemuel_crystal_altar, led_sif_book, uniq_erolcha
D:10:     layout_roguey, roderic_batcave
D:11:     layout_loops_ring, kennysheep_orc_monster_closet_entryway,
          gammafunk_ghost_stat_death, uniq_grum
D:12:     layout_layer_cave, nicolae_qazlal_eye_of_the_storm
Lair:1:   layout_regular_city, hibernation_bobbens
Lair:2:   layout_cave_pods, skrybe_swamp_entry_bodies,
          guppyfry_snake_entry_garden, portal_ice_cave_entry_pillars_2
IceCv:    ice_cave_statue_garden_chambered

Skill      XL: |  1  2  3  4  5  6  7  8  9 10 11 12 |
---------------+-------------------------------------+-----
Axes           | 3 4 5 7 8 9 11 | 11.4
Fighting       | 4 5 6 8 9 10 | 10.8
Armour         | 4 5 6 7 8 9 10 | 10.0
Shields        | 4 5 6 |  6.0
Invocations    | 3 4 7 9 12 13 14 | 14.2

Action                   |  1- 3 |  4- 6 |  7- 9 | 10-12 || total
-------------------------+-------+-------+-------+-------++-------
Melee: War axe           |    87 |   180 |   433 |   578 ||  1278
Invok: Convert to Beogh  |       |     1 |       |       ||     1
       Smiting           |       |       |     2 |     3 ||     5
       Recall Orcish Fol |       |       |       |     7 ||     7
       Stop Recall       |       |       |       |     2 ||     2
Evoke: Wand              |       |       |     8 |    17 ||    25
  Use: Scroll            |       |     4 |     4 |       ||     8
       Potion            |       |       |       |     2 ||     2
 Stab: Distracted        |       |       |       |     6 ||     6
       Paralysed         |       |       |       |    11 ||    11
       Confused          |       |       |       |     3 ||     3
Armor: Scale mail        |    42 |   114 |   191 |    24 ||   371
       Chain mail        |       |       |       |   361 ||   361
Dodge: Dodged            |    20 |    67 |   145 |   171 ||   403
Block: Kite shield       |    41 |   119 |   254 |   428 ||   842

Table legend: (Time is in decaauts)
 A = Elapsed time spent in this place.
 B = Non-inter-level travel time spent in this place.
 C = Inter-level travel time spent in this place.
 D = Time resting spent in this place.
 E = Time spent auto-exploring this place.
 F = Levels seen in this place.
 G = Mean time per level.
                   A        B        C        D        E       F      G
               +--------+--------+--------+--------+--------+-----+--------+
         Total |  17048 |  16577 |    471 |   7137 |   6415 |  16 | 1065.5 |
       Dungeon |  14261 |  13918 |    343 |   5615 |   5758 |  12 | 1188.4 |
          Lair |   1525 |   1398 |    127 |    623 |    599 |   2 |  762.5 |
       Ossuary |    631 |    631 |      0 |    445 |     58 |   1 |  631.0 |
      Ice Cave |    629 |    629 |      0 |    454 |      0 |   1 |  629.0 |
               +--------+--------+--------+--------+--------+-----+--------+

Top non-repeatable levels by time:
    D:11: 2349 daAuts
     D:7: 1853 daAuts
     D:5: 1605 daAuts
    D:10: 1459 daAuts
  Lair:1: 1362 daAuts
     D:9: 1229 daAuts
     D:2: 1166 daAuts
     D:4: 1115 daAuts
     D:1: 978 daAuts
     D:6: 893 daAuts
     D:3: 878 daAuts
     D:8: 727 daAuts
 Ossuary: 631 daAuts
   IceCv: 629 daAuts
  Lair:2: 162 daAuts
